 Dungeon Crawl Stone Soup version 0.25-a0-578-gc91f01c39c (webtiles) character file.

Game seed: 1840876023399663075, levelgen mode: deterministic

23 Esekla the Ducker (level 2, 0/14 HPs)
             Began as a Spriggan Artificer on Mar 6, 2020.
             Slain by a rat (2 damage)
             ... on level 2 of the Dungeon.
             The game lasted 00:02:38 (231 turns).

Esekla the Ducker (Spriggan Artificer)               Turns: 231, Time: 00:02:39

Health: 0/14       AC:  2    Str:  8    XL:     2   Next: 72%
Magic:  6/6        EV: 19    Int: 12    God:
Gold:   16         SH:  0    Dex: 16    Spells: 1/1 levels left

rFire    . . .     SeeInvis +   a - +0 short sword
rCold    . . .     Gourm    .   (shield restricted)
rNeg     . . .     Faith    .   b - +0 robe
rPois    .         Spirit   .   (helmet restricted)
rElec    .         Reflect  .   (no cloak)
rCorr    .         Harm     .   (gloves unavailable)
MR       .....                  (boots unavailable)
Stlth    ++........             (no amulet)
HPRegen  0.04/turn              (no ring)
MPRegen  0.10/turn              (no ring)

@: lethally poisoned (0 -> -6), very quick
A: very small, unfitting armour, see invisible, herbivore, speed 3, slow
metabolism 2
a: no special abilities


You were on level 2 of the Dungeon.
You were not hungry.

You visited 1 branch of the dungeon, and saw 2 of its levels.

You collected 16 gold pieces.

Inventory:

Hand Weapons
 a - a +0 short sword (weapon)
Armour
 b - a +0 robe (worn)
 i - a +0 leather armour
Wands
 c - a wand of flame (15)
 d - a wand of enslavement (15)
 e - a wand of random effects (15)
 j - a wand of disintegration (20)
Scrolls
 g - a scroll of noise {unknown}
 h - a scroll of fear {unknown}
 k - a scroll of immolation {unknown}
Comestibles
 f - 3 rations


   Skills:
 - Level 0.7 Fighting
 * Level 2.0 Short Blades
 * Level 4.2 Dodging
 + Level 2.0 Stealth
 - Level 4.0 Evocations


You had one spell level left.
You didn't know any spells.
Your spell library was empty.

Dungeon Overview and Level Annotations

Branches:
Dungeon (2/15)

Altars:


Innate Abilities, Weirdness & Mutations

You are very small and have problems with some larger weapons.
You are too small for most types of armour.
You have supernaturally acute eyesight. (SInv)
You are a herbivore.
You cover ground extremely quickly.
You need to consume almost no food.


Message History

The rat twitches its whiskers.
The adder completely misses you. The rat misses you.
You hit the adder.
You kill the adder!
Your Short Blades skill increases to level 2!
Your Dodging skill increases to level 4!
* * * LOW HITPOINT WARNING * * *
You feel sick. The rat misses you.
You aren't carrying any potions.
The rat completely misses you.
You see here 11 gold pieces.
You barely miss the rat. The rat closely misses you.
* * * LOW HITPOINT WARNING * * *
You feel sick.
The rat twitches its whiskers.
You hit the rat.
You kill the rat!
Your Stealth skill increases to level 2!
The rat bites you.
You die...

#### ..# #.# .
####.######... #
#†.........#
##.#.#..#.##[.#
.....#.$#.##..#
#....r.#..#..#
#####.@##.#..#
#........#
######.#### #
#......# ..
#......# ### ...
#.####.##. ..#
....###.#.......
#.#
..$..........##..
#.#
....##..####.# #


You could see a rat.

Vanquished Creatures
  An adder (D:2)
  5 bats (D:1)
  A goblin (D:1)
  2 hobgoblins
  A kobold (D:1)
  4 rats
14 creatures vanquished.

Notes
Turn   | Place    | Note
-------+----------+-------------------------------------------
     0 | D:1      | Esekla the Spriggan Artificer began the quest for the Orb.
     0 | D:1      | Reached XP level 1. HP: 9/9 MP: 4/4
    98 | D:1      | Reached XP level 2. HP: 14/14 MP: 6/6
   231 | D:2      | Slain by a rat

Levels and vault maps discovered:
D:1:      lightli_arrival_windingriver, layout_basic, minmay_cupped
D:2:      layout_loops_cross, yredelemnul_altar_generic

Skill      XL: |  1  2 |
---------------+-------+-----
Short Blades   | 2 |  2.0
Dodging        | 4 |  4.2
Stealth        | 2 |  2.0
Fighting       | |  0.7
Evocations     | |  4.0

Action                   || total
-------------------------++-------
Melee: Short sword       ||    38
 Stab: Sleeping          ||     2
Armor: Robe              ||     4
Dodge: Dodged            ||    43

Table legend:
 A = Non-vault XP
 B = Vault XP
 C = Vault XP percentage of total XP
 D = Non-vault monster count
 E = Vault monster count
 F = Vault count percentage of total count
                 A         B        C        D         E       F
            +---------+---------+-------+---------+---------+-------
      Total |      32 |       1 |   3.0 |      13 |       1 |   7.1
            +---------+---------+-------+---------+---------+-------
        D:1 |      16 |       1 |   5.9 |      10 |       1 |   9.1
        D:2 |      16 |       0 |   0.0 |       3 |       0 |   0.0
            +---------+---------+-------+---------+---------+-------
